 Dungeon Crawl Stone Soup version 0.30-a0-862-g1aabd4f9c5 (webtiles) character file.

Game seed: 12566944132374746378

78796 jasper the Transmogrifier (level 15, -4/114 HPs)
             Began as a Demonspawn Transmuter on Mar 8, 2023.
             Was a High Priest of Ashenzari.
             Shot with an arrow by a centaur warrior (11 damage)
             ... on level 15 of the Dungeon.
             The game lasted 00:52:19 (26588 turns).

jasper the Transmogrifier (Demonspawn Transmuter)  Turns: 26588, Time: 00:52:19

Health: -4/114     AC: 19    Str: 17    XL:     15   Next: 19%
Magic:  29/32      EV: 26    Int: 29    God:    Ashenzari [*****.]
Gold:   2529       SH:  0    Dex: 18    Spells: 1/25 levels left

rFire   . . .      SeeInvis +      - Unarmed
rCold   . . .      Faith    .    c - melded +0 buckler of Ashenzari's Doubts {Alch, Elem} (curse)
rNeg    + . .      Spirit   .    I - melded +0 troll leather armour of the Wild Blue Yonder {Regen+, Alch, Evo} (curse)
rPois   ∞          Reflect  .    r - melded +0 helmet "All-seeing Foul Odours" {Melee, Alch} (curse)
rElec   +          Rampage  .    h - melded +1 cloak "Unveiling Secrets" {Elem, Comp} (curse)
rCorr   .          Clarity  +    y - melded +0 pair of gloves "Per Aspera Ad Scientiam" {Range, Alch} (curse)
Will    ++...                    (boots unavailable)
Stlth   ++                       (no amulet)
HPRegen 0.39/turn                V - ring "Shackled With Me" {rPois MP+9 Str+5 Int+6 Dex+3, Fort, Elem} (curse)
MPRegen 0.23/turn                X - ring "Visionary Cynicism" {rN+ Will+ Int+2 Dex+2, Melee, Fort} (curse)

@: storm-form, blinkbolt cooldown, flying
A: cleaving, insubstantial, flying, (hooves 3), ignite blood 1, (spiny 2),
augmentation 1, (sanguine armour 2)
a: Blinkbolt, End Transformation, Renounce Religion, Curse Item, Shatter the
Chains


You were on level 15 of the Dungeon.
You worshipped Ashenzari.
Ashenzari was extremely pleased with you.
You were a lightning-filled tempest!
You visited 3 branches of the dungeon, and saw 22 of its levels.
You also visited: Gauntlet.

You collected 2555 gold pieces.
You spent 26 gold pieces at shops.

Inventory:

Missiles
 e - 122 stones
 i - 17 poisoned darts
 k - 18 boomerangs
Armour
 b - a +2 robe of cold resistance
 c - the cursed +0 buckler of Ashenzari's Doubts (melded) {Alch, Elem}
   (You found it on level 1 of the Dungeon)

   It has a curse which improves the following skills: Alchemy: Poison Magic and
   Transmutations.
   Elements:  Fire Magic, Ice Magic, Air Magic and Earth Magic.
 d - a +0 pair of gloves
 h - the cursed +1 cloak "Unveiling Secrets" (melded) {Elem, Comp}
   (You found it on level 2 of the Dungeon)

   It has a curse which improves the following skills: Elements: Fire Magic, Ice
   Magic, Air Magic and Earth Magic.
   Companions: Summonings and Necromancy.
 m - a +0 buckler
 r - the cursed +0 helmet "All-seeing Foul Odours" (melded) {Melee, Alch}
   (You found it on level 7 of the Dungeon)

   It has a curse which improves the following skills: Melee Combat: Short
   Blades, Long Blades, Axes, Maces & Flails, Polearms, Staves and Unarmed
   Combat.
   Alchemy:   Poison Magic and Transmutations.
 y - the cursed +0 pair of gloves "Per Aspera Ad Scientiam" (melded) {Range, Alch}
   (You found it on level 8 of the Dungeon)

   It has a curse which improves the following skills: Ranged Combat: Ranged
   Weapons and Throwing.
   Alchemy:   Poison Magic and Transmutations.
 F - +0 acid dragon scales
 I - the cursed +0 troll leather armour of the Wild Blue Yonder (melded) {Regen+, Alch, Evo}
   (You found it on level 10 of the Dungeon)

   Regen:     It increases your rate of health regeneration.
   It has a curse which improves the following skills: Alchemy: Poison Magic and
   Transmutations.
   Evocations: Evocations.
 L - a +0 helmet
 P - +0 steam dragon scales
 S - a +0 helmet
 U - a +0 kite shield
Jewellery
 a - a ring of ice
 B - a ring of flight
 E - a ring of fire
 G - a +4 ring of protection
 O - a ring of protection from fire
 Q - an amulet of guardian spirit
 V - the cursed ring "Shackled With Me" (left fist) {rPois MP+9 Str+5 Int+6 Dex+3, Fort, Elem}
   (You found it in a Gauntlet)

   [ring of intelligence]

   Str:       It affects your strength (+5).
   Int:       It affects your intelligence (+6).
   Dex:       It affects your dexterity (+3).
   rPois:     It protects you from poison.
   MP:        It affects your magic capacity (+9).
   It has a curse which improves the following skills: Fortitude: Armour and
   Shields.
   Elements:  Fire Magic, Ice Magic, Air Magic and Earth Magic.
 X - the cursed ring "Visionary Cynicism" (right fist) {rN+ Will+ Int+2 Dex+2, Melee, Fort}
   (You found it in a Gauntlet)

   [ring of willpower]

   Int:       It affects your intelligence (+2).
   Dex:       It affects your dexterity (+2).
   rN:        It protects you from negative energy.
   Will:      It increases your willpower.
   It has a curse which improves the following skills: Melee Combat: Short
   Blades, Long Blades, Axes, Maces & Flails, Polearms, Staves and Unarmed
   Combat.
   Fortitude: Armour and Shields.
Wands
 j - a wand of polymorph (14)
 q - a wand of roots (7)
 z - a wand of paralysis (15)
 N - a wand of digging (13)
 Y - a wand of light (1)
Scrolls
 l - 3 scrolls of amnesia
 o - 3 scrolls of fog
 s - a scroll of silence
 t - a scroll of torment
 u - a scroll of magic mapping
 x - a scroll of poison
 A - 7 scrolls of teleportation
 H - a scroll of fear
 R - 2 scrolls of blinking
 T - a scroll of enchant weapon
 W - 2 scrolls of brand weapon
 Z - a scroll of enchant armour
Potions
 f - a potion of brilliance
 g - 4 potions of attraction
 p - a potion of invisibility
 v - a potion of heal wounds
 w - 4 potions of flight
 C - 2 potions of magic
 D - a potion of mutation
 J - 3 potions of might
 K - 7 potions of curing
 M - 3 potions of cancellation
Miscellaneous
 n - a phantom mirror


   Skills:
 + Level 9.4 Fighting
 + Level 8.8 Dodging
 - Level 3.5(6.5) Shields
 + Level 11.8(14.0) Unarmed Combat
 - Level 5.5 Spellcasting
 - Level 5.1 Hexes
 - Level 3.0 Translocations
 - Level 14.7 Transmutations
 - Level 6.5(8.9) Ice Magic
 - Level 6.3(8.7) Air Magic


You had one spell level left.
You knew the following spells:

 Your Spells              Type           Power      Damage    Failure   Level
a - Beastly Appendage     Tmut           100%       N/A       0%          1
b - Wereblood             Tmut           76%        N/A       1%          2
c - Ice Form              Ice/Tmut       67%        N/A       1%          4
d - Yara's Violent Unrav  Hex/Tmut       30%        3d13      2%          5
e - Blink                 Tloc           50%        N/A       2%          2
f - Swiftness             Air            55%        N/A       1%          3
g - Storm Form            Tmut/Air       33%        N/A       38%         7

Your spell library contained the following spells:

 Spells                   Type           Power      Damage    Failure   Level
 Slow                     Hex            100%       N/A       1%          1
 Sting                    Tmut/Pois      100%       1d8       1%          1
 Foxfire                  Conj/Fire      32%        2x1d5     5%          1
 Ensorcelled Hibernation  Hex/Ice        96%        N/A       1%          2
 Passwall                 Tmut/Erth      42%        N/A       1%          2
 Poisonous Vapours        Pois/Air       66%        N/A       1%          2
 Spider Form              Tmut/Pois      50%        N/A       1%          3
 Lesser Beckoning         Tloc           50%        N/A       2%          2
 Tukima's Dance           Hex            37%        N/A       2%          3
 Gell's Gravitas          Tloc           25%        N/A       5%          3
 Teleport Other           Tloc           25%        N/A       5%          3
 Manifold Assault         Tloc           25%        N/A       17%         4
 Passage of Golubria      Tloc           25%        N/A       17%         4
 Sticky Flame             Conj/Fire      8%         2d3       50%         4
 Olgreb's Toxic Radiance  Pois           8%         N/A       52%         4
 Fireball                 Conj/Fire      4%         3d4       83%         5
 Dispersal                Tloc           12%        N/A       95%         6
 Starburst                Conj/Fire      4%         6d3       100%        6
 Fire Storm               Conj/Fire      4%         8d1       100%        9


Dungeon Overview and Level Annotations

Branches:
Dungeon (15/15)            Temple (0/1) D:6            Lair (5/5) D:8
  Swamp (0/4) Lair:2       Spider (0/4) Lair:2        Slime (0/5) Lair:5
    Orc (2/2) D:11            Elf (0/3) Orc:2        Vaults (0/5) D:14
Gauntlet (visited)
 Depths: D:15

Altars:
Ashenzari
Dithmenos
Fedhas
Hepliaklqana
Makhleb
Ru
Sif Muna

Shops:
D:1 ((*   D:3 [   Orc:1 =   Orc:2 =(([

Annotations:
Lair:4 Snorg
Lair:5 2 runed translucent doors


Innate Abilities, Weirdness & Mutations

You are a lightning-filled tempest!
Your electrical attacks strike out in all directions at once.
You are incredibly evasive.
Your insubstantial body is immune to petrification, constriction, and being set on fire You are flying.
You are immune to poison.
Your armour is entirely melded.
You are incapable of wielding weapons or throwing items.
((You have hooves in place of feet.))
Your demonic aura sometimes causes spilled blood to erupt in flames.
((You are mostly covered in sharp spines.))
Your magical and physical power is slightly enhanced at high health.
((When seriously injured, your blood forms thick armour. (AC +0)))


Message History

You take 40 damage, and have 11/114 hp.
MASSIVE DAMAGE!!
You blast the skeletal warrior!!!
You destroy the skeletal warrior!
The centaur wields a +0 shortbow.
The centaur shoots an arrow.
The arrow closely misses you.
Okay, then.
You aren't ready to blinkbolt again yet.
A centaur warrior comes into view.
The centaur warrior shouts!
You hear a shout!
The centaur shoots an arrow.
The arrow completely misses you.
A centaur comes into view.
The centaur warrior wields a +0 shortbow.
The centaur warrior shoots an arrow.
The arrow hits you but does no damage.
A centaur comes into view.
The fire dragon completely misses you. x2; The fire dragon misses you.
The centaur warrior shoots an arrow.
The arrow completely misses you.
The centaur shoots an arrow.
The arrow completely misses you.
The centaur moves out of view.
You hear a shout!
You barely miss the fire dragon.
The centaur wields a +0 shortbow.
The centaur shoots an arrow.
The arrow hits you but does no damage.
The centaur warrior shoots an arrow.
The arrow completely misses you. The fire dragon bites you.
* * * LOW HITPOINT WARNING * * *
The fire dragon barely misses you. The fire dragon misses you.
The centaur shoots an arrow.
The arrow hits you.
* * * LOW HITPOINT WARNING * * *
You hear a shout! x2
You take 10 damage, and have 2/114 hp.
You feel much better.
A centaur comes into view.
The centaur warrior shoots an arrow.
The arrow hits you!!
* * * LOW HITPOINT WARNING * * *
The centaur shoots an arrow.
The arrow completely misses you.
The centaur shoots an arrow.
The arrow hits you.
* * * LOW HITPOINT WARNING * * *
The fire dragon barely misses you.
The fire dragon completely misses you. x2
The centaur shoots an arrow.
The arrow misses you.
The centaur warrior shoots an arrow.
The arrow hits you!
You die...

**, ......P,, ,,... ,,
* * * ,, ....... ,
,..... , ,* , .....#.*
#..... ,, ,
**,.......####..?c.. ,
* ..............cc. ,,
, , ,
......))........., ,,,
......)).....c...,, . ,
,.......)...=.....,.. ,
, , .....#...v..#...#.#
, , ,
#...###...D####..#### *
..#..#..#....<.......,,
* **,
.........##..........
,,, * ,
......#..........^... ,
.......#.............
,, * ,,
....#.........?.#...,
,* * ,,
,..###..........# ..
,,, , , *, .
#.......D...# ., ,


You could see a fire dragon, a centaur warrior and 3 centaurs.

Vanquished Creatures
  Rupert (Orc:2)
  A minotaur (Gauntlet)
  A rakshasa (D:14)
  A ghost crab (Gauntlet)
  Fannar (D:11)
  3 hydras
  4 ogre magi (Orc:2)
  Erica (D:9)
  A boulder beetle (D:14)
  14 two-headed ogres
  4 centaur warriors (D:13)
  A catoblepas (D:14)
  2 dancing weapons (D:14)
  2 tengu warriors
  Urug (Orc:2)
  9 skeletal warriors
  An orc knight (D:14)
  A mana viper (shapeshifter) (D:15)
  A lindwurm (Lair:5)
  2 deep elf pyromancers
  2 necromancers
  An ugly thing (D:11)
  6 cyclopes
  2 manticores
  Maurice (D:9)
  10 elephants
  7 black mambas
  6 cane toads
  An elephant (shapeshifter) (D:14)
  3 molten gargoyles (Lair:5)
  2 unseen horrors
  A rime drake (Lair:5)
  2 efreet
  2 tengu conjurers (Gauntlet)
  9 komodo dragons
  6 trolls
  A polar bear (Lair:3)
  18 blink frogs
  7 slime creatures
  5 shadows
  62 yaks
  4 wraiths
  A yak (shapeshifter) (D:15)
  7 wyverns
  5 basilisks
  A redback (Lair:2)
  4 steam dragons
  7 vampire mosquitoes
  2 acid dragons
  A warg (Orc:2)
  3 hell hounds (Lair:5)
  9 water moccasins
  18 orc warriors
  Duvessa (D:7)
  An ice beast (D:6)
  A sky beast (D:6)
  4 wolves (Gauntlet)
  34 ogres
  13 centaurs
  5 kobold brigands
  12 bullfrogs
  4 necrophages (D:6)
  3 gnoll sergeants (D:11)
  3 scorpions
  3 wights (D:8)
  Dowan (D:7)
  4 killer bees (D:8)
  7 howler monkeys
  2 electric eels
  4 lava snakes (Lair:5)
  2 hounds
  2 bullfrog zombies (D:6)
  2 gnoll boudas
  A jelly (D:6)
  22 orc priests
  Crazy Yiuf (D:3)
  Ijyb (D:2)
  2 iguanas (D:5)
  19 orc wizards
  A howler monkey zombie (D:6)
  16 gnolls
  10 adders
  A shadow imp (D:5)
  A white imp (D:6)
  2 ufetubi
  3 dart slugs
  83 orcs
  9 endoplasms
  3 giant cockroaches
  10 goblins
  5 hobgoblins
  4 jackals
  3 quokkas
  2 ball pythons
  2 bats
  4 frilled lizards
  16 kobolds
  2 rats
599 creatures vanquished.

Vanquished Creatures (others)
  A bush (D:6)
  22 fungi
  41 plants
64 creatures vanquished.

Grand Total: 663 creatures vanquished

Notes
Turn   | Place    | Note
-------+----------+-------------------------------------------
     0 | D:1      | jasper the Demonspawn Transmuter began the quest for the
                  | Orb.
     0 | D:1      | Reached XP level 1. HP: 15/15 MP: 3/3
    78 | D:1      | Found Dacwok's Weapon Shoppe.
    79 | D:1      | Found Osmoduh's Assorted Antiques.
   134 | D:1      | Gained mutation: Your demonic aura sometimes causes spilled
                  | blood to erupt in flames. [demonic ancestry]
   134 | D:1      | Reached XP level 2. HP: 11/21 MP: 3/5
   188 | D:1      | Found Sakhyhapt's Antique Weapon Shop.
   312 | D:1      | Found a faded altar of an unknown god.
   389 | D:1      | Got the Volume of Incandescence
   596 | D:1      | Learned a level 2 spell: Wereblood
   781 | D:1      | Bought a scroll labelled ESOLIFF INEUGUMA for 26 gold
                  | pieces
  1095 | D:2      | Lost mutation: You have razor-sharp toenails. [demonic
                  | ancestry]
  1095 | D:2      | Lost mutation: You have sharp toenails. [demonic ancestry]
  1095 | D:2      | Gained mutation: You have large cloven feet. [demonic
                  | ancestry]
  1095 | D:2      | Reached XP level 3. HP: 26/26 MP: 4/6
  1380 | D:2      | Reached skill level 1 in Shields
  1476 | D:3      | Found Jeoh Gem's Antique Armour Shop.
  1501 | D:3      | Found a broken altar of Ashenzari.
  1590 | D:3      | Became a worshipper of Ashenzari the Shackled
  1725 | D:3      | Found a hazy altar of Hepliaklqana.
  1914 | D:3      | Found a runed translucent door.
  1915 | D:3      | Noticed Crazy Yiuf
  1984 | D:3      | Noticed an ogre
  2153 | D:4      | Reached XP level 4. HP: 19/33 MP: 7/7
  2219 | D:4      | Found a sacrificial altar of Ru.
  2727 | D:4      | Gained mutation: When seriously injured, your blood forms
                  | armour. (AC +0) [demonic ancestry]
  2727 | D:4      | Reached XP level 5. HP: 26/38 MP: 6/8
  2745 | D:4      | Identified the cursed +0 robe "I Knew You'd Do That"
                  | {Melee, Comp}
  3144 | D:5      | Entered Level 5 of the Dungeon
  3281 | D:5      | Noticed an ogre
  3289 | D:5      | Killed an ogre
  3290 | D:5      | Reached XP level 6. HP: 46/46 MP: 7/9
  3372 | D:5      | Reached * piety under Ashenzari
  3650 | D:5      | Reached skill level 5 in Unarmed Combat
  3804 | D:5      | Gained mutation: When seriously injured, your blood forms
                  | thick armour. (AC +0) [demonic ancestry]
  3804 | D:5      | Reached XP level 7. HP: 51/52 MP: 10/10
  5081 | D:6      | Found a staircase to the Ecumenical Temple.
  5219 | D:6      | Reached XP level 8. HP: 43/60 MP: 9/11
  5432 | D:6      | Reached ** piety under Ashenzari
  5542 | D:6      | Learned a level 4 spell: Ice Form
  5650 | D:6      | Found a blossoming altar of Fedhas.
  5750 | D:6      | Reached skill level 2 in Transmutations
  5750 | D:6      | Reached skill level 1 in Ice Magic
  6071 | D:6      | Reached skill level 3 in Transmutations
  6421 | D:6      | Reached skill level 4 in Transmutations
  6656 | D:7      | Found a burning altar of Makhleb.
  6660 | D:7      | Noticed Duvessa
  6660 | D:7      | Noticed Dowan
  6666 | D:7      | Killed Duvessa
  6673 | D:7      | Killed Dowan
  6706 | D:7      | Identified the cursed +1 cloak "Unveiling Secrets" {Elem,
                  | Comp} (You found it on level 2 of the Dungeon)
  6706 | D:7      | Identified the cursed +0 buckler of Ashenzari's Doubts
                  | {Alch, Elem} (You found it on level 1 of the Dungeon)
  6737 | D:7      | Gained mutation: You are partially covered in sharp spines.
                  | [demonic ancestry]
  6737 | D:7      | Reached XP level 9. HP: 45/65 MP: 10/12
  6918 | D:7      | Reached skill level 5 in Transmutations
  7465 | D:7      | Reached skill level 5 in Ice Magic
  8056 | D:8      | Reached skill level 6 in Transmutations
  8293 | D:8      | Found a staircase to the Lair.
  8440 | D:8      | Learned a level 5 spell: Yara's Violent Unravelling
  8767 | D:8      | Reached *** piety under Ashenzari
  9007 | D:8      | Identified the cursed +0 pair of gloves "Per Aspera Ad
                  | Scientiam" {Range, Alch} (You found it on level 8 of the
                  | Dungeon)
  9399 | D:9      | Noticed Erica
  9640 | D:9      | Gained mutation: You are mostly covered in sharp spines.
                  | [demonic ancestry]
  9640 | D:9      | Reached XP level 10. HP: 72/72 MP: 9/13
  9726 | D:9      | Reached **** piety under Ashenzari
  9790 | D:9      | Reached skill level 1 in Hexes
  9838 | D:9      | Identified the cursed +0 helmet "All-seeing Foul Odours"
                  | {Melee, Alch} (You found it on level 7 of the Dungeon)
  9925 | D:9      | Reached skill level 5 in Fighting
  9987 | D:10     | Entered Level 10 of the Dungeon
  9998 | D:10     | Reached skill level 5 in Dodging
 11371 | D:11     | Reached XP level 11. HP: 83/83 MP: 9/14
 11504 | D:11     | Found a staircase to the Orcish Mines.
 11631 | D:11     | Noticed a two-headed ogre
 11641 | D:11     | Killed a two-headed ogre
 11650 | D:11     | Noticed Fannar
 11652 | D:11     | Identified the +2 leather armour "Orinezxea" {-Cast Dex+5}
 11661 | D:11     | Killed Fannar
 11764 | D:11     | Reached skill level 5 in Hexes
 11909 | D:11     | Learned a level 2 spell: Blink
 11913 | D:11     | Learned a level 3 spell: Swiftness
 12132 | D:11     | Noticed a green ugly thing
 12144 | D:11     | Killed a green ugly thing
 12217 | D:11     | Identified the cursed +0 pair of boots of Supernal
                  | Understanding {Self, Evo} (You found it on level 9 of the
                  | Dungeon)
 12411 | Lair:1   | Entered Level 1 of the Lair of Beasts
 12565 | Lair:1   | Reached skill level 10 in Unarmed Combat
 12565 | Lair:1   | Reached skill level 1 in Translocations
 12636 | Lair:1   | Identified the cursed +0 troll leather armour of the Wild
                  | Blue Yonder {Regen+, Alch, Evo} (You found it on level 10
                  | of the Dungeon)
 12905 | Lair:1   | Reached skill level 7 in Transmutations
 13057 | Lair:1   | Gained mutation: You have hoof-like feet. [demonic
                  | ancestry]
 13057 | Lair:1   | Reached XP level 12. HP: 88/91 MP: 15/15
 13277 | Lair:1   | Reached skill level 1 in Air Magic
 14053 | Lair:2   | Found a hole to the Spider Nest.
 14060 | Lair:2   | Reached skill level 8 in Transmutations
 14307 | Lair:2   | Found a staircase to the Swamp.
 15149 | Lair:3   | Reached ***** piety under Ashenzari
 15160 | Lair:3   | Found a shadowy altar of Dithmenos.
 15743 | Lair:4   | Found a gate leading to a gauntlet.
 15757 | Gauntlet | Entered a Gauntlet
 15757 | Gauntlet | Found a transporter.
 15766 | Gauntlet | Found a transporter.
 15781 | Gauntlet | Found a transporter.
 15786 | Gauntlet | Found a transporter.
 15786 | Gauntlet | Noticed a ghost crab
 15801 | Gauntlet | Identified the -1 hat "Humom" {Will+}
 15803 | Gauntlet | Found a transporter.
 15819 | Gauntlet | Identified the ring of Xom's Bemusement {rN+ Will+ Int+2
                  | Dex+2}
 15820 | Gauntlet | Identified the ring of Bojomegg {rPois MP+9 Str+5 Int+6
                  | Dex+3}
 15821 | Gauntlet | Found a transporter.
 15833 | Gauntlet | Found a transporter.
 15834 | Gauntlet | Identified the +5 cloak of Music {rPois}
 15843 | Gauntlet | Identified the +1 pair of gloves of Decaying Liberty {rPois
                  | rC- Int+3 Stlth+}
 15845 | Gauntlet | Found a transporter.
 15857 | Gauntlet | Found a transporter.
 15866 | Gauntlet | Found a transporter.
 15866 | Gauntlet | Found a transporter.
 15877 | Gauntlet | Found a large runed translucent door.
 15878 | Gauntlet | Found a large runed translucent door.
 15879 | Gauntlet | Found a large runed translucent door.
 15879 | Gauntlet | Found a large runed translucent door.
 15880 | Gauntlet | Found a runed translucent gate.
 15881 | Gauntlet | Found a transporter.
 15881 | Gauntlet | Found a runed translucent gate.
 15882 | Gauntlet | Found a runed translucent gate.
 15883 | Gauntlet | Found a large runed translucent door.
 15883 | Gauntlet | Found a large runed translucent door.
 15884 | Gauntlet | Found a large runed translucent door.
 15885 | Gauntlet | Found a large runed translucent door.
 15894 | Gauntlet | Found a large runed translucent door.
 15894 | Gauntlet | Found a large runed translucent door.
 15894 | Gauntlet | Found a runed translucent door.
 15894 | Gauntlet | Found a runed translucent door.
 15895 | Gauntlet | Found a large runed translucent door.
 15896 | Gauntlet | Found a large runed translucent door.
 15898 | Gauntlet | Found a transporter.
 15906 | Gauntlet | Found a large runed translucent door.
 15906 | Gauntlet | Found a large runed translucent door.
 15907 | Gauntlet | Found a large runed translucent door.
 15908 | Gauntlet | Found a large runed translucent door.
 15918 | Gauntlet | Found a transporter.
 15937 | Gauntlet | Noticed a tengu warrior
 15943 | Gauntlet | Found a transporter.
 15945 | Gauntlet | Found a transporter.
 15965 | Gauntlet | Found a transporter.
 16043 | Gauntlet | Found a transporter.
 16148 | Gauntlet | Killed a tengu warrior
 16152 | Gauntlet | Reached XP level 13. HP: 52/99 MP: 17/20
 16254 | Gauntlet | Reached skill level 5 in Spellcasting
 16478 | Gauntlet | Learned a level 7 spell: Storm Form
 16527 | Gauntlet | Identified the +10 spear of Distraction {vamp, Fragile
                  | rElec Stlth+}
 16527 | Gauntlet | Noticed a minotaur
 16538 | Gauntlet | Killed a minotaur
 16700 | Lair:4   | Noticed Snorg
 16949 | Orc:1    | Entered Level 1 of the Orcish Mines
 17088 | Orc:2    | Entered Level 2 of the Orcish Mines
 17088 | Orc:2    | Noticed Urug
 17104 | Orc:1    | Reached skill level 9 in Transmutations
 17143 | Orc:2    | Killed Urug
 17151 | Orc:2    | Noticed Rupert
 17782 | D:2      | Noticed Ijyb
 17800 | D:2      | Killed Ijyb
 18208 | D:3      | Identified a scroll of acquirement
 18337 | D:3      | Killed Crazy Yiuf
 18854 | D:9      | Noticed Maurice
 18862 | D:9      | Killed Maurice
 19000 | D:9      | Killed Erica
 20464 | D:13     | Reached skill level 10 in Transmutations
 20717 | D:13     | Reached skill level 5 in Air Magic
 20832 | D:12     | Acquired 438 gold pieces
 21067 | Lair:5   | Entered Level 5 of the Lair of Beasts
 21431 | Lair:5   | Found a staircase to the Slime Pits.
 21492 | Lair:5   | Reached skill level 11 in Transmutations
 22154 | Lair:5   | Gained mutation: You have hooves in place of feet. [demonic
                  | ancestry]
 22154 | Lair:5   | Reached XP level 14. HP: 30/106 MP: 22/22
 22745 | Lair:5   | Found a large runed translucent door.
 22747 | Lair:5   | Found a large runed translucent door.
 22812 | Lair:5   | Reached skill level 12 in Transmutations
 23528 | Orc:2    | Killed Rupert
 23584 | Orc:2    | Found a staircase to the Elven Halls.
 23636 | Orc:2    | Found a shimmering blue altar of Sif Muna.
 23645 | Orc:2    | Identified Sif Muna's Lessons on the Fairies
 23896 | Orc:1    | Found Vuda's Jewellery Emporium.
 24064 | Orc:2    | Reached skill level 13 in Transmutations
 24079 | Orc:2    | Reached skill level 14 in Transmutations
 24086 | Orc:2    | Found Xib Raure's Antique Armour Boutique.
 24086 | Orc:2    | Found Udu Ici's Antique Weapon Shoppe.
 24091 | Orc:2    | Found Faratyank's Jewellery Shop.
 24091 | Orc:2    | Found Efrousito's Weapon Shoppe.
 25268 | D:14     | Identified the +2 scale mail of Pan-Flutes {Str+6}
 25909 | D:14     | Identified the +7 plate armour of the Tired Souls {rPois}
 26016 | D:14     | Found a gate to the Vaults.
 26027 | D:14     | Gained mutation: Your magical and physical power is
                  | slightly enhanced at high health. [demonic ancestry]
 26027 | D:14     | Reached XP level 15. HP: 24/112 MP: 23/23
 26536 | D:15     | Entered Level 15 of the Dungeon
 26587 | D:15     | HP: 2/114 [centaur/arrow[a centaur warrior] (5)]
 26588 | D:15     | Shot with an arrow by a centaur warrior

Illustrated notes

Levels and vault maps discovered:
D:1:      minmay_arrival_three_doors, layout_loops_ring, serial_glass,
          glass_columns_c, glass_columns_a, serial_shops, nicolae_shop_crystal,
          nicolae_diamond_shop, shop, hellmonk_ecumenical_altar_arch_garden
D:2:      kennysheep_the_goblin_king, layout_loops_ring
D:3:      layout_loops_ring, nicolae_overflow_crystal_walls,
          mainiacjoe_overflow_boulevard, serial_shops, shop,
          uniq_crazy_yiuf_cottage
D:4:      layout_loops_corners, nicolae_ru_awakened_eye
D:5:      layout_basic
D:6:      layout_basic, fedhas_altar_decomposition,
          minmay_temple_entry_drinking_statues, nicolae_half_adder
D:7:      layout_basic, lemuel_doored_altar, chequers_serial_rivers_micro_c,
          uniq_duvessa
D:8:      layout_basic, dpeg_oklobed_lair, special_room [special_room_orc],
          serial_glass, glass_columns_a, glass_columns_c,
          minmay_strange_pillars, feat_on_display, item_on_display_a
D:9:      layout_irregular_city, uniq_maurice, uniq_erica
D:10:     layout_loops_ring
D:11:     layout_cross, kennysheep_orc_monster_closet_entryway, uniq_fannar
D:12:     layout_loops_corners
D:13:     layout_gridville
D:14:     layout_stronghold, erik_vaults_1, minmay_tree_intersection
D:15:     gammafunk_depths_entry_grave, layout_cave_pools, serial_glass,
          glass_columns_c, glass_columns_c, minmay_strange_pillars,
          due_unseen_surprise, minmay_strange_pillars, feat_on_display,
          grunt_decor_junction, uniq_nessos
Lair:1:   layout_long_grid, grunt_megastairs_3
Lair:2:   layout_chaotic_city, minmay_swamp_entry_swarm, spider_nest_entry_webs
Lair:3:   layout_hall_layers, basic_altar
Lair:4:   layout_concentric_octagons, gauntlet_entry_generic,
          grunt_forest_stairs_clearing, lemuel_fruit_fields, uniq_snorg
Lair:5:   cheibrodos_lair_end_hotspot, layout_cave_pods,
          dpeg_slime_entry_corner, infiniplex_staircase_pool,
          serial_bayou_shore_a
Orc:1:    layout_caves, serial_shops, shop
Orc:2:    st_orc_ogre_mass, layout_caves, led_sif_book, uniq_urug, uniq_rupert

Skill      XL: |  1  2  3  4  5  6  7  8  9 10 11 12 13 14 15 |
---------------+----------------------------------------------+-----
Unarmed Combat | 3 4 5 6 7 8 10 11 | 11.8
Dodging        | 2 3 4 6 7 8 |  8.8
Shields        | 1 2 3 |  3.5
Fighting       | 2 3 4 6 7 8 9 |  9.4
Transmutations | 4 6 7 8 11 14 | 14.7
Ice Magic      | 4 6 |  6.5
Hexes          | 4 5 |  5.1
Translocations | 2 3 |  3.0
Air Magic      | 2 6 |  6.3
Spellcasting   | 4 5 |  5.5

Action                     |  1- 3 |  4- 6 |  7- 9 | 10-12 | 13-15 || total
---------------------------+-------+-------+-------+-------+-------++-------
  Melee: Unarmed           |   120 |   107 |   473 |   455 |   566 ||  1721
         Headbutt          |    17 |    15 |    52 |     2 |     2 ||    88
         Kick              |    26 |    35 |   125 |     3 |    38 ||   227
         Punch             |       |       |       |       |    14 ||    14
  Throw: Dart              |     2 |     6 |     3 |       |     5 ||    16
         Boomerang         |       |       |     1 |       |       ||     1
         Throwing net      |       |       |       |       |     1 ||     1
   Cast: Beastly Appendage |    24 |    16 |    33 |     3 |     1 ||    77
         Ice Form          |       |       |     8 |    38 |    23 ||    69
         Wereblood         |       |       |     2 |       |     3 ||     5
         Storm Form        |       |       |       |       |    12 ||    12
         Swiftness         |       |       |       |       |     1 ||     1
 Invoke: Curse Item        |       |     2 |     3 |     4 |     2 ||    11
         Shatter the Chain |       |       |       |     1 |     2 ||     3
Ability: Blinkbolt         |       |       |       |       |     5 ||     5
  Evoke: Wand              |       |       |     2 |     2 |       ||     4
         Phantom mirror    |       |       |       |       |     1 ||     1
    Use: Scroll            |     4 |     8 |       |     2 |     4 ||    18
         Potion            |       |     5 |     2 |     1 |     3 ||    11
   Stab: Distracted        |       |       |       |       |     1 ||     1
         Sleeping          |       |       |       |       |     1 ||     1
 Armour: Robe              |    24 |    26 |    72 |     2 |       ||   124
         Skin              |       |     4 |    41 |    90 |   163 ||   298
         Troll leather arm |       |       |       |    20 |    31 ||    51
  Dodge: Dodged            |    59 |    43 |   222 |   230 |   465 ||  1019
  Block: Buckler           |     8 |    25 |    71 |    17 |    39 ||   160

Table legend: (Time is in decaauts)
 A = Elapsed time spent in this place.
 B = Non-inter-level travel time spent in this place.
 C = Inter-level travel time spent in this place.
 D = Time resting spent in this place.
 E = Time spent auto-exploring this place.
 F = Levels seen in this place.
 G = Mean time per level.
                   A        B        C        D        E       F      G
               +--------+--------+--------+--------+--------+-----+--------+
         Total |  26402 |  23830 |   2572 |   3232 |  15812 |  23 | 1147.9 |
       Dungeon |  18417 |  16304 |   2113 |   2279 |  10971 |  15 | 1227.8 |
          Lair |   5885 |   5477 |    408 |    545 |   3758 |   5 | 1177.0 |
  Orcish Mines |   1235 |   1186 |     49 |    134 |    829 |   2 |  617.5 |
      Gauntlet |    864 |    864 |      0 |    274 |    254 |   1 |  864.0 |
               +--------+--------+--------+--------+--------+-----+--------+

Top non-repeatable levels by time:
  Lair:5: 2092 daAuts
     D:5: 1860 daAuts
     D:8: 1680 daAuts
     D:6: 1664 daAuts
     D:7: 1661 daAuts
    D:10: 1515 daAuts
    D:14: 1460 daAuts
     D:4: 1327 daAuts
    D:12: 1277 daAuts
  Lair:1: 1276 daAuts
  Lair:2: 1225 daAuts
     D:9: 1215 daAuts
    D:11: 1104 daAuts
     D:2: 1012 daAuts
     D:3: 1008 daAuts
